[Event "Team 45 45 League T50"]
[Site "Internet Chess Club"]
[Date "2011.09.18"]
[Round "6"]
[White "Campagnolo"]
[Black "searchforbobby1"]
[Result "0-1"]
[WhiteElo "2053"]
[BlackElo "2224"]
[Opening "French: Winawer, advance variation"]
[ECO "C18"]
[Time "21:09:14"]
[TimeControl "2700+45"]

1. e4 e6 2. d4 d5 3. Nc3 Bb4 4. e5 c5 5. a3 Bxc3+ 6. bxc3 Qa5 7. Bd2 Qa4 8. Nf3
c4 9. h4 Nc6 10. h5 h6 11. Nh4 Bd7 12. Ra2 Nge7 13. g4 O-O-O 14. Be2 Rdg8 15.
O-O Qa5 16. a4 Qd8 17. Rb2 g6 18. hxg6 Nxg6 19. Nxg6 Rxg6 20. f4 f5 21. exf6
Qxf6 22. Rf2 Rhg8 23. Qf1 R6g7 24. Qh3 Rg6 25. Rb1 Qg7 26. Rg2 e5 27. fxe5 h5
28. Rf1 hxg4 29. Qg3 Ne7 30. Qf4 Nf5 31. Kf2 Nh4 32. Kg3 Nxg2 33. Kxg2 Be6 34.
Be1 g3 35. Rh1 Rf8 36. Qh4 Bg4 37. Bxg4+ Rxg4 38. Qh5 Rgf4 39. e6 Re4 40. Bxg3
Rxe6 41. Qh3 Qd7 42. Qg4 Rfe8 43. Qf4 Re2+ 44. Kf1 Qc6 45. Qb8+ Kd7 46. Rh7+
R2e7 47. Rxe7+ Rxe7 48. Qf4 Qe6 49. Qc7+ Ke8 50. Qb8+ Kf7 51. Be5 Qf5+ 52. Ke1
Qxc2 53. Qxa7 Qxc3+ 54. Kf2 Qd2+ 55. Kf3 Qd3+ 56. Kf2 c3 57. Qc5 Qf5+ 58. Ke2
Qe4+ 59. Kd1 Qd3+ 60. Ke1 Qe3+ 61. Kd1 Rxe5 {White resigns} 0-1

[Event "Team 45 45 League T50"]
[Site "Internet Chess Club"]
[Date "2011.09.20"]
[Round "6"]
[White "AreYouSerious"]
[Black "jefferyx"]
[Result "0-1"]
[WhiteElo "1990"]
[BlackElo "2102"]
[Opening "Réti opening"]
[ECO "A04"]
[Time "17:15:03"]
[TimeControl "2700+45"]

1. Nf3 c5 2. e3 d5 3. Bb5+ Bd7 4. Bxd7+ Nxd7 5. b3 Ngf6 6. Bb2 e6 7. d3 Bd6 8.
Nbd2 Qc7 9. O-O h6 10. c4 g5 11. h3 Rg8 12. Kh1 h5 13. Ng1 g4 14. h4 g3 15. fxg3
Rg6 16. Rc1 Bxg3 17. cxd5 exd5 18. Qf3 Bxh4 19. b4 O-O-O 20. Nh3 Rdg8 21. Nf4
Rg3 22. Qe2 Bg5 23. Bxf6 Bxf6 24. bxc5 Qc6 25. Rc2 Bg5 26. Nf3 Bxf4 27. Nd4 Qg6
28. Rxf4 Rh3+ 29. Kg1 Qg3 30. Qf2 Qh2+ 31. Kf1 Qh1+ 32. Qg1 Qxg1+ 33. Kxg1 Rxe3
34. c6 Ne5 35. Nf5 Re1+ 36. Rf1 Rxf1+ 37. Kxf1 Kc7 38. cxb7+ Kxb7 39. Nd6+ Kb6
40. Nc8+ Kb7 41. Nd6+ Kb6 42. Nc8+ Ka6 43. Rc7 Nxd3 44. Rxa7+ Kb5 45. a4+ Kc5
46. Rc7+ Kd4 47. a5 Nb4 48. Nb6 f5 49. Rd7 Rg6 50. Rh7 Nc2 51. Kf2 Ne3 52. Kf3
Nc4 53. Rxh5 Nxb6 54. axb6 Rxb6 55. Rxf5 Rb3+ 56. Kg4 Kc4 57. g3 d4 58. Rf4 Kc3
59. Rf8 d3 60. Rc8+ Kb2 61. Kf3 Rc3 62. Ra8 Kc2 63. Ra2+ Kd1 64. Ra1+ Rc1 65.
Ra8 d2 66. g4 Kc2 67. Rc8+ Kb3 68. Rd8 d1=Q+ 69. Rxd1 Rxd1 70. Kf4 Kc4 71. g5
Kd5 {White resigns} 0-1

[Event "Team 45 45 League T50"]
[Site "Internet Chess Club"]
[Date "2011.09.17"]
[Round "6"]
[White "smartactics"]
[Black "tsia68"]
[Result "0-1"]
[WhiteElo "1968"]
[BlackElo "1851"]
[Opening "Queen's Pawn"]
[ECO "A41"]
[Time "01:07:12"]
[TimeControl "2700+45"]

1. d4 d6 2. Nf3 f5 3. c4 g6 4. Nc3 Nf6 5. Bg5 Bg7 6. Qc2 Nc6 7. e3 O-O 8. h4 h6
9. Bxf6 Bxf6 10. a3 e5 11. d5 Ne7 12. e4 fxe4 13. Nxe4 Nf5 14. Bd3 Kg7 15. g4
Nxh4 16. Nxh4 Bxh4 17. Rg1 Rf4 18. g5 hxg5 19. O-O-O Bf5 20. Ng3 Bxd3 21. Qxd3
Qf6 22. Rg2 Rxf2 23. Ne4 Qf4+ 24. Kb1 Rxg2 25. c5 Qh2 26. Qc3 Qf4 27. Nd2 Qd4
28. Qh3 Rxd2 29. Qd7+ {White resigns} 0-1

[Event "Team 45 45 League T50"]
[Site "Internet Chess Club"]
[Date "2011.09.19"]
[Round "6"]
[White "Woss"]
[Black "rdmuhcu"]
[Result "1/2-1/2"]
[WhiteElo "2273"]
[BlackElo "2229"]
[Opening "Sicilian: Pelikan, Chelyabinsk variation"]
[ECO "B33"]
[Time "12:11:22"]
[TimeControl "2700+45"]

1. e4 c5 2. Nf3 Nc6 3. d4 cxd4 4. Nxd4 Nf6 5. Nc3 e5 6. Ndb5 d6 7. Bg5 a6 8. Na3
b5 9. Nd5 Be7 10. Bxf6 Bxf6 11. c4 b4 12. Nc2 a5 {Game drawn by mutual
agreement} 1/2-1/2

[Event "Team 45 45 League T50"]
[Site "Internet Chess Club"]
[Date "2011.09.16"]
[Round "6"]
[White "eurander"]
[Black "Ganesh96"]
[Result "0-1"]
[WhiteElo "2156"]
[BlackElo "2264"]
[Opening "Sicilian: Alapin's variation (2.c3)"]
[ECO "B22"]
[Time "05:30:28"]
[TimeControl "2700+45"]

1. e4 c5 2. c3 Nf6 3. e5 Nd5 4. d4 cxd4 5. cxd4 d6 6. Nf3 Nc6 7. Bc4 Nb6 8. Bb5
dxe5 9. Nxe5 Bd7 10. Nxd7 Qxd7 11. Nc3 e6 12. Qg4 h5 13. Qe4 a6 14. Bxc6 Qxc6
15. Qxc6+ bxc6 16. Ne4 Kd7 17. Be3 Bd6 18. Ke2 Nd5 19. Rac1 Rab8 20. b3 Rhc8 21.
Rc2 Rb5 22. Rhc1 Ba3 23. Rd1 Be7 24. Bd2 f5 25. Nc3 Nxc3+ 26. Rxc3 g5 27. Bc1
Ra5 28. Rc2 Bf6 29. a4 Rb8 30. Rd3 Rd5 31. Rc4 Re8 32. Bb2 a5 33. Rd2 e5 34.
dxe5 Bxe5 35. Bxe5 Rxe5+ 36. Kd1 c5 37. Rxd5+ Rxd5+ 38. Kc2 Kd6 39. Rc3 f4 40.
Rd3 g4 41. f3 Rd4 42. Kc3 Kd5 43. h4 gxh3 44. gxh3 h4 45. Kc2 c4 46. bxc4+ Kxc4
47. Rc3+ Kb4 48. Rb3+ Kxa4 49. Rb8 Rb4 50. Rh8 Rb3 51. Rxh4 Rxf3 52. Rh8 Kb4 53.
Rb8+ Kc4 54. Rc8+ Kd4 55. Ra8 Ra3 56. Kd2 Ra2+ 57. Ke1 Ke3 58. Re8+ Kf3 59. h4
Rh2 60. Rh8 a4 61. h5 a3 62. Ra8 a2 {White resigns} 0-1

[Event "Team 45 45 League T50"]
[Site "Internet Chess Club"]
[Date "2011.09.18"]
[Round "6"]
[White "xec"]
[Black "SlimeDog2"]
[Result "1-0"]
[WhiteElo "2241"]
[BlackElo "2074"]
[Opening "Center game: Berger variation"]
[ECO "C22"]
[Time "16:02:31"]
[TimeControl "2700+45"]

1. e4 e5 2. d4 exd4 3. Qxd4 Nc6 4. Qe3 Nf6 5. Nc3 Bb4 6. Bd2 O-O 7. O-O-O Re8 8.
Qg3 Rxe4 9. a3 Ba5 10. h4 Rg4 11. Qh2 d6 12. f3 Rd4 13. Nge2 Bxc3 14. Nxc3 Be6
15. g4 Ne5 16. Qf2 c5 17. Nb5 Rd5 18. g5 Ne8 19. f4 Ng4 20. Qg2 a6 21. Nc3 Rd4
22. Re1 Qd7 23. Be2 h5 24. gxh6 Nxh6 25. Be3 Nf5 26. Bxd4 cxd4 27. Nd5 Rc8 28.
Bd3 Qc6 29. Rxe6 fxe6 30. Bxf5 {Black resigns} 1-0

[Event "Team 45 45 League T50"]
[Site "Internet Chess Club"]
[Date "2011.09.21"]
[Round "6"]
[White "Horoblitz"]
[Black "izit"]
[Result "1-0"]
[WhiteElo "2216"]
[BlackElo "2255"]
[Opening "Sicilian: closed"]
[ECO "B23"]
[Time "16:00:24"]
[TimeControl "2700+45"]

1. e4 c5 2. Nc3 d6 3. f4 Nc6 4. Nf3 Nf6 5. Bc4 e6 6. f5 d5 7. fxe6 dxc4 8. exf7+
Kxf7 9. Qe2 Nd4 10. Qxc4+ Be6 11. Ng5+ Ke7 12. Nxe6 Nxe6 13. e5 Nd7 14. Nd5+ Ke8
15. Qg4 Nc7 16. Nf4 Nxe5 17. Qh5+ Nf7 18. O-O g6 19. Qf3 Qd4+ 20. Kh1 Nd6 21. d3
Kd7 22. Be3 Qxb2 23. Bxc5 Bg7 24. Rab1 Qxa2 25. Bxd6 Kxd6 26. Rxb7 Rhf8 27. Qg3
Be5 28. d4 Bxf4 29. Rxf4 Qa1+ 30. Rf1+ {Black resigns} 1-0

[Event "Team 45 45 League T50"]
[Site "Internet Chess Club"]
[Date "2011.09.18"]
[Round "6"]
[White "QueensCounselor"]
[Black "easycure"]
[Result "0-1"]
[WhiteElo "2165"]
[BlackElo "2258"]
[Opening "QGD Slav: exchange variation"]
[ECO "D13"]
[Time "12:47:08"]
[TimeControl "2700+45"]

1. d4 d5 2. c4 c6 3. Nf3 Nf6 4. cxd5 cxd5 5. Nc3 Nc6 6. Bg5 e6 7. e3 Bd6 8. Rc1
O-O 9. a3 Bd7 10. Bd3 Rc8 11. O-O Na5 12. Ne5 Be7 13. Qe2 h6 14. Bh4 Nc6 15.
Nxd7 Nxd7 16. Bxe7 Qxe7 17. b4 Nb6 18. Nb1 Rc7 19. Nd2 a5 20. bxa5 Nxa5 21. Rxc7
Qxc7 22. Rb1 Ra8 23. Qd1 Nac4 24. Qc1 Ra4 25. Rb4 Qc6 26. Rb3 Nxd2 27. Qxd2 Nc4
28. Qc1 g6 29. g3 Kg7 30. Qc3 b5 31. h4 Qa6 32. Kf1 Rxa3 33. Rxa3 Qxa3 34. Qxa3
Nxa3 35. Ke2 Nc4 36. e4 Kf6 37. e5+ Ke7 38. Bc2 Kd7 39. Kd3 Kc6 40. Kc3 Kb6 41.
Kb4 Na5 42. Bd3 Nc6+ 43. Kc3 b4+ {White resigns} 0-1

[Event "Team 45 45 League T50"]
[Site "Internet Chess Club"]
[Date "2011.09.17"]
[Round "6"]
[White "alexping"]
[Black "jorobo"]
[Result "1/2-1/2"]
[WhiteElo "1918"]
[BlackElo "1954"]
[Opening "Catalan: closed, 5.Nf3"]
[ECO "E06"]
[Time "12:04:25"]
[TimeControl "2700+45"]

1. d4 d5 2. c4 e6 3. Nf3 Nf6 4. g3 Be7 5. Bg2 O-O 6. O-O c5 7. dxc5 Bxc5 8. Nbd2
dxc4 9. Nxc4 Qxd1 10. Rxd1 Ne4 11. Be3 Bxe3 12. Nxe3 Nc6 13. Nd4 Nxd4 14. Rxd4
Nf6 15. Rc1 Rb8 16. Rc7 a6 17. b4 g6 18. Nc4 Ne8 19. Re7 Kg7 20. Nb6 Kf6 21.
Nxc8 Rxc8 22. Rxb7 Rc1+ 23. Bf1 Nc7 24. e3 Nd5 25. Ra7 Rb8 26. Rxa6 Nxb4 27.
Rf4+ Ke5 28. Ra5+ Nd5 29. e4 Rbb1 30. exd5 Rxf1+ 31. Kg2 Rg1+ 32. Kf3 f5 33.
dxe6+ Kxe6 34. h4 Rgc1 35. Ra3 Rb2 36. Re3+ Kf6 37. a4 Rcc2 38. Kg2 h5 39. Ra3
Ra2 40. Rff3 Rxf2+ 41. Rxf2 Rxa3 42. Rf4 Ke6 43. Rb4 Kf6 44. Rb6+ Kf7 45. Ra6
Kg7 46. Ra8 Kf7 47. a5 Kg7 48. a6 Kf7 49. Kf2 Kg7 50. Ra7+ Kg8 51. Kg2 Kf8 52.
Ra8+ Kg7 53. Ra7+ Kf8 54. Kf2 Kg8 55. Ra8+ Kg7 56. a7 Kh7 57. Ke2 Kg7 58. Kd2
Kh7 59. Kc2 Kg7 60. Kb2 Ra4 61. Kb3 Ra6 62. Kb4 Ra1 63. Kb5 Rb1+ 64. Kc6 Rc1+
65. Kd6 Ra1 66. Ke5 Ra5+ 67. Ke6 {Game drawn by mutual agreement} 1/2-1/2

[Event "Team 45 45 League T50"]
[Site "Internet Chess Club"]
[Date "2011.09.17"]
[Round "6"]
[White "Ptzz"]
[Black "AronT"]
[Result "0-1"]
[WhiteElo "2091"]
[BlackElo "2220"]
[Opening "English: Neo-Catalan accepted"]
[ECO "A13"]
[Time "08:03:51"]
[TimeControl "2700+45"]

1. c4 Nf6 2. g3 e6 3. Bg2 d5 4. Nf3 dxc4 5. O-O Nbd7 6. Qc2 a6 7. a4 Be7 8. Na3
O-O 9. Nxc4 c5 10. d3 Nd5 11. a5 Bf6 12. Ne3 b5 13. axb6 Qxb6 14. Ng4 Be7 15.
Bd2 Bb7 16. Nge5 Nxe5 17. Nxe5 Qc7 18. Nc4 Bf6 19. Ba5 Qe7 20. Rfc1 Nb4 21. Qa4
Bxg2 22. Kxg2 Qb7+ 23. Kg1 Bg5 24. f4 Bf6 25. Bxb4 cxb4 26. Qa5 Rfc8 27. Ne5 g5
28. e3 gxf4 29. gxf4 Kh8 30. Kf2 Bh4+ {White resigns} 0-1

[Event "Team 45 45 League T50"]
[Site "Internet Chess Club"]
[Date "2011.09.17"]
[Round "6"]
[White "M-Abotreka"]
[Black "C-Kalla"]
[Result "1/2-1/2"]
[WhiteElo "2125"]
[BlackElo "2301"]
[Opening "King's Indian: East Indian defense"]
[ECO "A48"]
[Time "13:00:27"]
[TimeControl "2700+45"]

1. d4 Nf6 2. Nf3 g6 3. Nbd2 d5 4. e3 Bg7 5. b4 O-O 6. c4 c6 7. a4 Bg4 8. Qb3 Be6
9. Bb2 dxc4 10. Bxc4 Bd5 11. O-O Nbd7 12. Bxd5 cxd5 13. Rfc1 {Game drawn by
mutual agreement} 1/2-1/2

[Event "Team 45 45 League T50"]
[Site "Internet Chess Club"]
[Date "2011.09.19"]
[Round "6"]
[White "Chess-Dream"]
[Black "frontier"]
[Result "1/2-1/2"]
[WhiteElo "2080"]
[BlackElo "2008"]
[Opening "English: Anglo-Dutch defense"]
[ECO "A86"]
[Time "19:30:13"]
[TimeControl "2700+45"]

1. c4 f5 2. g3 Nf6 3. Bg2 g6 4. d4 Bg7 5. Nh3 O-O 6. O-O d6 7. d5 a5 8. Nc3 Na6
9. Nf4 Nc5 10. Be3 g5 11. Nd3 Nxd3 12. exd3 h6 13. Bd4 Bd7 14. b3 Qe8 15. f4 Qg6
16. Ne2 c5 17. dxc6 Bxc6 {Game drawn by mutual agreement} 1/2-1/2

[Event "Team 45 45 League T50"]
[Site "Internet Chess Club"]
[Date "2011.09.17"]
[Round "6"]
[White "AmrSobh"]
[Black "cheVelle"]
[Result "0-1"]
[WhiteElo "2163"]
[BlackElo "1942"]
[Opening "Blumenfeld counter-gambit"]
[ECO "A46"]
[Time "16:00:40"]
[TimeControl "2700+45"]

1. d4 Nf6 2. Nf3 c5 3. d5 e6 4. c4 b5 5. dxe6 fxe6 6. cxb5 a6 7. bxa6 Bxa6 8. g3
d5 9. Bg2 Nc6 10. O-O g6 11. Nc3 Bg7 12. Qa4 Qb6 13. Qh4 O-O 14. Ng5 Nd4 15. Re1
Nc2 16. Bd2 Nxa1 17. Bxd5 Rae8 18. Nce4 h6 19. Nxe6 Rxe6 20. Bxh6 Nxd5 21. Bxg7
Kxg7 22. Ng5 Rh8 23. Nxe6+ Qxe6 24. Qa4 Qh3 {White resigns} 0-1

[Event "Team 45 45 League T50"]
[Site "Internet Chess Club"]
[Date "2011.09.17"]
[Round "6"]
[White "Legal"]
[Black "egyptiantiger"]
[Result "0-1"]
[WhiteElo "2003"]
[BlackElo "2145"]
[Opening "Sicilian: Najdorf, 7...Be7 main line"]
[ECO "B99"]
[Time "18:09:40"]
[TimeControl "2700+45"]

1. e4 c5 2. Nf3 d6 3. d4 cxd4 4. Nxd4 Nf6 5. Nc3 a6 6. Bg5 e6 7. f4 Be7 8. Qf3
Qc7 9. O-O-O Nbd7 10. Bd3 b5 11. g4 Bb7 12. Bxf6 Nxf6 13. g5 Nd7 14. h4 b4 15.
Na4 Qa5 16. b3 Nc5 17. f5 Nxa4 18. bxa4 e5 19. Nb3 Qxa4 20. f6 gxf6 21. gxf6 Bf8
22. Bc4 h5 23. Qf5 Bc8 24. Qf2 Qxa2 25. Rhg1 Bg4 26. Bd5 Bh6+ 27. Rd2 Rc8 28.
Bxf7+ Kf8 {White resigns} 0-1

[Event "Team 45 45 League T50"]
[Site "Internet Chess Club"]
[Date "2011.09.16"]
[Round "6"]
[White "MeanMrMustard"]
[Black "Razorbackchess"]
[Result "1/2-1/2"]
[WhiteElo "1800"]
[BlackElo "1670"]
[Opening "Sicilian defense"]
[ECO "B44"]
[Time "22:08:44"]
[TimeControl "2700+45"]

1. e4 c5 2. Nf3 e6 3. d4 cxd4 4. Nxd4 Nc6 5. c4 Nf6 6. f3 Bb4+ 7. Nc3 O-O 8. Qd3
Ne5 9. Qe3 d5 10. Nc2 Bxc3+ 11. Qxc3 Nxc4 12. Bxc4 dxc4 13. Qxc4 Bd7 14. O-O
Qb6+ 15. Qd4 Qc7 16. Na3 Rfd8 17. Bg5 Be8 18. Qe3 Qe5 19. Nc4 Qd4 20. e5 Qxe3+
21. Nxe3 Nd5 22. Bxd8 Nxe3 23. Rfd1 Nxd1 24. Rxd1 Bc6 25. Ba5 Bd5 26. a3 Rc8 27.
Bc3 a6 28. Kf2 Kf8 29. Ke3 Ke8 30. Rd4 Rc4 31. g4 Rxd4 32. Bxd4 Ke7 33. f4 g6
{Game drawn by mutual agreement} 1/2-1/2

[Event "Team 45 45 League T50"]
[Site "Internet Chess Club"]
[Date "2011.09.18"]
[Round "6"]
[White "Heian"]
[Black "oldsj"]
[Result "1/2-1/2"]
[WhiteElo "1705"]
[BlackElo "1521"]
[Opening "Sicilian defense"]
[ECO "B30"]
[Time "16:00:24"]
[TimeControl "2700+45"]

1. e4 c5 2. Nf3 Nc6 3. Bc4 e6 4. Bb3 d5 5. exd5 exd5 6. c3 Nf6 7. O-O Bf5 8. d4
c4 9. Ba4 Be7 10. Ne5 Qc7 11. Bf4 Bd6 12. Bg3 O-O 13. f4 Ne4 14. Nd2 Nxg3 15.
hxg3 Ne7 16. g4 Bxe5 17. fxe5 Bd3 18. Rf2 Ng6 19. Nf3 Qe7 20. Bc2 Bxc2 21. Qxc2
Nf4 22. Raf1 Nd3 23. Re2 Nf4 24. Re3 Ne6 25. Qf2 h6 {Game drawn by mutual
agreement} 1/2-1/2

[Event "Team 45 45 League T50"]
[Site "Internet Chess Club"]
[Date "2011.09.18"]
[Round "6"]
[White "Zyme"]
[Black "Invicta-Knight"]
[Result "1/2-1/2"]
[WhiteElo "1348"]
[BlackElo "1478"]
[Opening "Benkö gambit: Zaitsev system"]
[ECO "A58"]
[Time "09:39:25"]
[TimeControl "2700+45"]

1. d4 Nf6 2. c4 c5 3. d5 b5 4. cxb5 a6 5. Nc3 axb5 6. Nxb5 Ba6 7. Nc3 g6 8. Nf3
Bg7 9. g3 d6 10. Bg2 Nbd7 11. O-O Bb7 12. e4 Ng4 13. Bf4 Qb6 14. Qd2 Nde5 15. h3
Nc4 16. Qc1 Nge5 17. Nxe5 Nxe5 18. b3 Nd3 19. Qd2 Nxf4 20. gxf4 Qb4 21. Rfc1 O-O
22. Rc2 Ra7 23. Rac1 Bc8 24. Na4 Qxd2 25. Rxd2 Bd7 26. Nb6 Bb5 27. Nc4 Rfa8 28.
Rcc2 Bh6 29. Bf1 Bxf4 30. Re2 Kg7 31. f3 Bg3 32. Rg2 Bh4 33. Nb6 Rb8 34. Bxb5
Rxb6 35. Bc4 Kf6 36. f4 Rb8 37. Rce2 h5 38. e5+ Kf5 39. e6 fxe6 40. dxe6 Rg8 41.
Bd3+ Kf6 42. f5 g5 43. a4 g4 44. hxg4 Rxg4 45. Re4 Rxg2+ 46. Kxg2 Bg5 47. Re1
Rb7 48. Bc2 Bd2 49. Rh1 Kg5 50. Kh3 Rb4 51. Rg1+ Kf6 52. Rg6+ Ke5 53. Rg7 Kf6
54. Rf7+ Ke5 55. Rxe7 Be1 56. Rd7 Rh4+ 57. Kg2 Rg4+ 58. Kf1 Bh4 59. e7 Rg8 60.
Bd3 Re8 61. Bb5 Bxe7 62. Rxd6 Bxd6 63. Bxe8 h4 64. a5 Bc7 65. a6 Bb6 66. Bd7 h3
67. Kg1 c4+ 68. Kh2 cxb3 69. f6 Kxf6 70. Ba4 b2 71. Bc2 Ke5 72. Kxh3 Kf4 73. Kg2
Ke3 74. Kf1 Kd2 75. Bg6 {Game drawn by mutual agreement} 1/2-1/2

[Event "Team 45 45 League T50"]
[Site "Internet Chess Club"]
[Date "2011.09.19"]
[Round "6"]
[White "BrerRabbit"]
[Black "smsxman"]
[Result "1/2-1/2"]
[WhiteElo "1528"]
[BlackElo "1436"]
[Opening "English, 1...Nf6 (Anglo-Indian defense)"]
[ECO "A15"]
[Time "10:47:41"]
[TimeControl "2700+45"]

1. c4 Nf6 2. g3 Nc6 3. Bg2 b6 4. Nc3 Bb7 5. b4 Rb8 6. a3 e6 7. Nf3 g6 8. O-O Bg7
9. d4 O-O 10. Bf4 d6 11. Qc2 Re8 12. Rad1 Qc8 13. Bc1 e5 14. dxe5 Nxe5 15. Nd5
Nxd5 16. cxd5 Nxf3+ 17. Bxf3 Qd8 18. Bb2 Bxb2 19. Qxb2 Qg5 20. Qd2 Qxd2 21. Rxd2
Rbc8 22. Rc1 Kg7 23. Rdc2 Re7 24. Kf1 f5 25. e3 Ba6+ 26. Be2 Bxe2+ 27. Kxe2 Kf6
28. f4 h5 29. Rc6 Kf7 30. Rxd6 cxd6 31. Rxc8 Rd7 32. Kd3 Ke7 33. Rg8 Kf6 34. Rc8
Ke7 35. Rg8 Kf6 36. Rf8+ Ke7 37. Rc8 Kf6 38. Rc6 Ke7 39. Rc4 Kf6 40. e4 fxe4+
41. Rxe4 Kf5 42. Re6 g5 43. fxg5 Kxg5 44. h3 Kf5 45. Rh6 Kg5 46. Re6 Kf5 47. Re4
Rg7 48. Re3 Rg6 49. Kd4 Rg7 50. Rf3+ Kg6 51. g4 hxg4 52. hxg4 Kg5 53. Rf8 Kh4
54. Ke4 Rxg4+ 55. Rf4 Kg5 56. Rxg4+ Kxg4 57. Ke3 b5 58. Ke4 Kg5 {Game drawn by
mutual agreement} 1/2-1/2

[Event "Team 45 45 League T50"]
[Site "Internet Chess Club"]
[Date "2011.09.17"]
[Round "6"]
[White "crazyhorses"]
[Black "randallsr"]
[Result "0-1"]
[WhiteElo "1572"]
[BlackElo "1701"]
[Opening "French: King's Indian attack"]
[ECO "C00"]
[Time "09:02:18"]
[TimeControl "2700+45"]

1. e4 e6 2. d3 b6 3. Nd2 Bb7 4. Ngf3 Be7 5. g3 d6 6. Bg2 Nd7 7. O-O Ngf6 8. c3
h6 9. Re1 Nh7 10. d4 O-O 11. Qc2 c5 12. Nc4 cxd4 13. Nxd4 Rc8 14. Ne3 Ne5 15. f4
Nc6 16. Nf3 Qc7 17. Ng4 Nb4 18. Qd2 Na6 19. Qe2 Qc4 20. Qxc4 Rxc4 21. Nf2 Rc7
22. Be3 d5 23. exd5 Bxd5 24. Rad1 Bc5 25. Nd4 Bxd4 26. Bxd4 Bxg2 27. Kxg2 Rd7
28. Nd3 Rfd8 29. Ne5 Rd5 30. Nf3 Nf6 31. Re5 Ng4 32. Rxd5 Rxd5 33. h3 Ne3+ 34.
Bxe3 Rxd1 35. Nd4 Rb1 36. b4 Rb2+ 37. Kf3 Rxa2 38. Nb5 Nb8 39. Bd4 Nc6 40. Be3
Rc2 41. Ke4 Kf8 42. Kd3 Rh2 43. h4 Rg2 {White resigns} 0-1

[Event "Team 45 45 League T50"]
[Site "Internet Chess Club"]
[Date "2011.09.17"]
[Round "6"]
[White "chrisgianno"]
[Black "Theodulf"]
[Result "0-1"]
[WhiteElo "1547"]
[BlackElo "1645"]
[Opening "Queen's gambit accepted"]
[ECO "D20"]
[Time "11:26:15"]
[TimeControl "2700+45"]

1. d4 d5 2. c4 dxc4 3. Nc3 a6 4. a4 e5 5. d5 Nf6 6. e4 c6 7. Bxc4 Bb4 8. f3 O-O
9. Bg5 cxd5 10. Bxd5 Qd6 11. Bb3 Nc6 12. Qxd6 Bxd6 13. Nge2 Be6 14. Bxe6 fxe6
15. O-O Bc5+ 16. Kh1 Rad8 17. Rad1 h6 18. Bh4 Nd4 19. Nc1 Rd7 20. Nd3 Bd6 21.
Bg3 Nc6 22. b4 Nh5 23. b5 Nxg3+ 24. hxg3 Nd4 25. f4 Rc7 26. fxe5 Rxf1+ 27. Rxf1
Rxc3 28. exd6 Rxd3 29. bxa6 bxa6 30. e5 Nc6 31. Rb1 Nxe5 32. Rb6 Ng4 33. Rb1
Rxd6 34. Kg1 Ne3 35. Kf2 Nd1+ 36. Kf3 Nc3 37. Rb4 Kf7 38. a5 Nd5 39. Rb7+ Kf6
40. Ke4 Nc3+ 41. Ke3 Rd5 42. Rc7 Na4 43. Kf4 Rxa5 44. Rc8 Nc5 45. Rf8+ Ke7 46.
Rg8 Kf7 47. Ra8 Ra4+ 48. Ke5 Nd3+ 49. Kd6 a5 50. Ra7+ Kf6 51. Ra8 Rd4+ 52. Kc6
a4 53. Kb5 Rg4 54. Rf8+ Ke5 55. Rf3 Kd4 56. Kxa4 e5 57. Kb3 e4 58. Rf7 Rxg3 59.
Rd7+ Ke3 60. Kc2 Rxg2+ 61. Kc3 Nf4 62. Rf7 Kf3 63. Kd4 e3 64. Ke5 Rg4 65. Ra7 e2
66. Ra3+ Kf2 {White resigns} 0-1

[Event "Team 45 45 League T50"]
[Site "Internet Chess Club"]
[Date "2011.09.18"]
[Round "6"]
[White "Whalen"]
[Black "werty"]
[Result "1-0"]
[WhiteElo "1590"]
[BlackElo "1515"]
[Opening "QGA: 3.e4"]
[ECO "D20"]
[Time "14:30:26"]
[TimeControl "2700+45"]

1. d4 d5 2. c4 dxc4 3. e4 b5 4. a4 c6 5. axb5 cxb5 6. Nc3 Bd7 7. Nf3 g6 8. Ne5
Bg7 9. b3 Bxe5 10. dxe5 b4 11. Nd5 cxb3 12. Qxb3 a5 13. Nxb4 Nc6 14. Nxc6 Bxc6
15. Bc4 e6 16. O-O Ne7 17. Rd1 Qc7 18. Bh6 Bxe4 19. Bb5+ Bc6 20. Rac1 Rd8 21.
Rxd8+ Kxd8 22. Bg5 h6 23. Bxe7+ Kxe7 24. Qa3+ Kd8 25. Bxc6 Qxe5 26. Rd1+ Kc7 27.
Qc1 Kb8 28. Rd7 {Black resigns} 1-0

[Event "Team 45 45 League T50"]
[Site "Internet Chess Club"]
[Date "2011.09.18"]
[Round "6"]
[White "chicopee-ed"]
[Black "kwameh72"]
[Result "0-1"]
[WhiteElo "1344"]
[BlackElo "1627"]
[Opening "English opening"]
[ECO "A10"]
[Time "10:03:20"]
[TimeControl "2700+45"]

1. c4 d5 2. c5 e5 3. d4 exd4 4. Qxd4 Nc6 5. Qd1 Bxc5 6. e3 Nf6 7. Bb5 O-O 8. Qc2
Qe7 9. Nf3 Nd4 10. Qd2 Nxb5 11. O-O Bg4 12. Nd4 Nxd4 13. exd4 Bd6 14. Qg5 Rfe8
15. Be3 Bh5 16. Nc3 c6 17. Bd2 Qc7 18. Rfe1 Bxh2+ 19. Kh1 Bd6 20. Rf1 Bg6 21. f4
Ne4 22. Nxe4 Bxe4 23. Rf2 Qe7 24. Qg4 Qf6 25. Re2 Qg6 26. Qh3 Qf5 27. Qg3 Re6
28. Kg1 Rae8 29. Be3 Rg6 30. Qe1 Bxf4 31. Bxf4 Qxf4 32. Qf1 Qxf1+ 33. Rxf1 Rge6
34. Ref2 f5 35. Rd2 g5 {White resigns} 0-1

[Event "Team 45 45 League T50"]
[Site "Internet Chess Club"]
[Date "2011.09.17"]
[Round "6"]
[White "ikatankayangan"]
[Black "ice-cream"]
[Result "0-1"]
[WhiteElo "1606"]
[BlackElo "1771"]
[Opening "Sicilian defense"]
[ECO "B30"]
[Time "19:17:16"]
[TimeControl "2700+45"]

1. e4 c5 2. Nf3 Nc6 3. Bc4 d6 4. O-O a6 5. d3 b5 6. Bb3 Bg4 7. c3 Ne5 8. Nbd2
Nxd3 9. Bc2 Ne5 10. h3 Bh5 11. g4 Nxf3+ 12. Nxf3 Bg6 13. Be3 Nf6 14. e5 Bxc2 15.
Qxc2 Nd5 16. exd6 exd6 17. Qe4+ Ne7 18. Rad1 Rc8 19. Qb7 Qc7 20. Qxa6 Qc6 21.
Qxc6+ Nxc6 22. Bf4 Kd7 23. Rd3 Be7 24. Rfd1 Kc7 25. Bxd6+ Bxd6 26. Rxd6 Nd4 27.
Nxd4 Kxd6 28. Nxb5+ Ke7 29. Re1+ Kf6 30. Nd6 Rc6 31. Nc4 Ra8 32. a3 Re6 33.
Rxe6+ Kxe6 34. b4 cxb4 35. cxb4 Rc8 36. Nb6 Rc1+ 37. Kg2 Kd6 38. a4 Kc6 39. Nc8
Rc4 40. b5+ Kc7 41. Ne7 Rxa4 42. Nd5+ Kb7 43. Kf3 Ra3+ 44. Kf4 Rxh3 45. Ne7 Rh6
46. Nf5 Rf6 47. g5 Rg6 48. Nd4 Kb6 49. f3 f6 50. gxf6 Rxf6+ 51. Ke5 h5 52. Nf5
Rg6 53. Nh4 Rg5+ 54. Kf4 Rxb5 55. Nf5 g6 56. Ne7 g5+ 57. Kg3 Kc7 58. Ng6 Kd6 59.
f4 Rb3+ 60. Kg2 g4 61. Nh4 Ke6 62. Kf2 Rb2+ 63. Kg3 Kf6 64. Ng2 Rxg2+ 65. Kxg2
Kf5 66. Kg3 h4+ {White resigns} 0-1

[Event "Team 45 45 League T50"]
[Site "Internet Chess Club"]
[Date "2011.09.18"]
[Round "6"]
[White "realchess"]
[Black "hi12980"]
[Result "1-0"]
[WhiteElo "1767"]
[BlackElo "1393"]
[Opening "Scotch gambit"]
[ECO "C44"]
[Time "14:00:57"]
[TimeControl "2700+45"]

1. e4 e5 2. Nf3 Nc6 3. d4 exd4 4. Bc4 h6 5. O-O Qf6 6. e5 Qf5 7. Nxd4 Nxd4 8.
Qxd4 Qxc2 9. Na3 Qg6 10. Nb5 Kd8 11. Re1 f6 12. e6 d6 13. Rd1 a6 14. Nc3 Qe8 15.
Bf4 h5 16. Nd5 Qc6 17. Rac1 Qe8 18. Qc5 Qc6 19. Qd4 Qe8 20. Nxc7 Qe7 21. Nxa8
Bxe6 22. Qb6+ Kc8 23. Bxe6+ Kb8 24. Rc8# {Black checkmated} 1-0

[Event "Team 45 45 League T50"]
[Site "Internet Chess Club"]
[Date "2011.09.16"]
[Round "6"]
[White "werdnac"]
[Black "seattleblues"]
[Result "0-1"]
[WhiteElo "1322"]
[BlackElo "1460"]
[Opening "Caro-Kann: classical variation"]
[ECO "B18"]
[Time "21:00:28"]
[TimeControl "2700+45"]

1. e4 c6 2. d4 d5 3. Nd2 dxe4 4. Nxe4 Bf5 5. Nc3 Nf6 6. Nf3 e6 7. Bd3 Bg4 8. Be3
Nbd7 9. Be2 c5 10. O-O Be7 11. h3 Bh5 12. Ne5 Bxe2 13. Qxe2 O-O 14. Rad1 Qc7 15.
Nxd7 Nxd7 16. d5 Bf6 17. dxe6 fxe6 18. Qc4 Rae8 19. b4 Nb6 20. Qb3 cxb4 21. Ne2
a5 22. Bd4 Bxd4 23. Nxd4 Qc4 24. Rfe1 Rf6 25. Rd3 e5 26. Nf3 e4 27. Rde3 Rfe6
28. Ng5 a4 29. Qxc4 Nxc4 30. Nxe6 Nxe3 31. Rxe3 Rxe6 32. f3 Kf7 33. fxe4 Re5 34.
Kf2 Ke6 35. Ke2 Rc5 36. Kd3 Ke5 37. Rg3 Rc3+ {White resigns} 0-1